Map: 16-Bit LE

Players

erikmaster - Winner!

  • Race: Protoss Protoss
  • League: Diamond
  • Spawn Location: 1:00

A.I. 1 (Easy)

  • Race: Zerg Zerg
  • Spawn Location: 7:00

VOD

Have the link to the VOD?

Description

asdf

Time

  • Played on: June 21, 2018, 8:57 p.m.
  • Length: 13:11
Show
View Real Time Build Order
Export as new Build Order

erikmaster Protoss - Winner!

Build Orders: 1 Gate Expand, Oracle Opening 

Get SALT Encoding   

  12  0:02  Probe  
  13  0:10  Probe  
  14  0:19  Probe  
  14  0:23  Pylon  
  15  0:41  Probe  
  16  0:43  Gateway  
  16  0:48  Assimilator  
  16  0:52  Probe  
  17  1:00  Probe  
  17  1:08  Probe  
  19  1:19  Probe  
  20  1:31  Nexus  
  20  1:40  Cybernetics Core  
  20  1:43  Probe  
  21  1:53  Assimilator  
  20  1:55  Pylon  
  20  1:58  Probe  
  21  2:07  Stalker  
  21  2:11  Probe  
  22  2:17  Warp Gate  
  24  2:23  Probe  
  25  2:35  Probe  
  26  2:44  Gateway  
  26  2:53  Adept  
  26  2:55  Stargate  
  26  2:56  Probe  
  26  2:58  Probe  
  28  3:04  Probe  
  30  3:10  Probe  
  30  3:12  Probe  
  33  3:22  Probe, Adept  
  33  3:23  Probe  
  37  3:32  Oracle  
  38  3:34  Probe  
  38  3:35  Probe  
  39  3:46  Probe  
  39  3:47  Probe  
  44  3:56  Pylon  
  44  3:58  Probe  
  44  3:59  Probe  
  46  4:07  Oracle  
  46  4:09  Pylon  
  46  4:11  Shield Battery  
  46  4:14  Probe x2  
  51  4:26  Probe  
  51  4:29  Nexus  
  52  4:31  Probe  
  52  4:32  Pylon  
  53  4:39  Gateway  
  53  4:44  Probe  
  54  4:45  Gateway  
  54  4:46  Probe  
  54  4:48  Assimilator  
  54  4:51  Assimilator  
  55  4:56  Probe  
  55  4:57  Assimilator, Void Ray  
  55  4:58  Probe  
  57  5:01  Assimilator  
  57  5:08  Probe  
  57  5:10  Probe  
  63  5:16  Probe  
  64  5:22  Probe  
  64  5:23  Adept x2  
  64  5:24  Probe  
  64  5:28  Pylon  
  69  5:34  Pylon  
  70  5:38  Pylon  
  70  5:40  Pylon, Probe x2  
  70  5:41  Probe  
  73  5:52  Probe x2  
  75  5:58  Stargate  
  75  5:59  Fleet Beacon  
  75  6:01  Forge, Probe  
  76  6:04  Probe  
  77  6:13  Adept x2  
  81  6:20  Probe x3  
  81  6:22  Carrier x2  
  84  6:26  Protoss Air Weapons Level 1  
  84  6:32  Probe x3  
  87  6:37  Protoss Ground Weapons Level 1  
  87  6:44  Probe x3  
  102  6:59  Pylon  
  102  7:02  Pylon  
  102  7:03  Pylon  
  102  7:06  Pylon  
  102  7:10  Photon Cannon  
  102  7:12  Photon Cannon, Shield Battery  
  102  7:15  Graviton Catapult  
  102  7:25  Sentry  
  102  7:26  Sentry  
  106  7:31  Photon Cannon  
  106  7:34  Carrier x2  
  106  7:35  Photon Cannon  
  106  7:37  Shield Battery  
  106  7:38  Sentry x2  
  122  8:05  Gateway x2  
  122  8:10  Gateway  
  122  8:22  Cybernetics Core  
  122  8:34  Nexus  
  122  8:41  Pylon  
  122  8:44  Protoss Air Weapons Level 2  
  122  8:45  Pylon  
  122  8:47  Carrier  
  122  8:50  Adept x4  
  122  8:53  Carrier  
  130  9:01  Protoss Ground Armor Level 1  
  142  9:04  Stargate  
  142  9:05  Twilight Council, Probe  
  143  9:14  Gateway  
  143  9:15  Gateway  
  143  9:18  Gateway  
  143  9:20  Gateway  
  143  9:21  Photon Cannon  
  143  9:23  Photon Cannon  
  143  9:37  Mothership  
  143  9:39  Shield Battery  
  143  9:49  Probe x2  
  143  9:50  Void Ray, Probe  
  154  9:54  Stalker x3  
  154  9:57  Carrier  
  160  10:01  Probe  
  160  10:02  Probe  
  166  10:09  Carrier  
  178  10:27  Photon Cannon  
  178  10:28  Photon Cannon  
  178  10:37  Pylon  
  178  10:40  Pylon  
  178  10:42  Pylon  
  178  10:44  Pylon  
  178  10:45  Carrier  
  178  10:47  Pylon x2, Assimilator  
  178  10:49  Pylon  
  178  10:51  Assimilator  
  178  10:52  Pylon  
  184  11:11  Carrier  
  184  11:17  Charge, Templar Archives  
  184  11:23  Zealot x4  
  198  11:38  Photon Cannon  
  198  11:39  Photon Cannon  
  198  11:42  Shield Battery  
  198  12:07  Robotics Facility  
Show
View Real Time Build Order
Export as new Build Order

A.I. 1 (Easy) Zerg 

Build Orders: Pool First 

Get SALT Encoding   

  12  0:00  Drone  
  13  0:12  Overlord  
  13  0:18  Drone  
  14  0:30  Drone  
  14  0:35  Drone  
  16  0:43  Spawning Pool  
  16  0:45  Drone  
  16  0:48  Extractor  
  15  0:52  Drone  
  16  0:58  Overlord  
  16  1:31  Queen, Zergling x2  
  19  1:33  Roach Warren  
  19  1:35  Extractor  
  19  1:36  Drone  
  18  1:42  Drone  
  18  1:46  Zergling x2  
  20  2:06  Overlord  
  20  2:13  Roach  
  22  2:19  Drone  
  23  2:25  Drone  
  24  2:36  Drone  
  25  2:38  Roach  
  25  2:40  Drone  
  28  2:44  Drone  
  28  2:48  Drone  
  30  2:58  Overlord  
  30  3:09  Roach  
  32  4:59  Queen  
  32  5:31  Drone  
  33  5:36  Overlord, Lair, Drone  
  33  5:40  Drone  
  35  5:44  Drone  
  33  6:13  Drone  
  33  6:15  Zergling x2  
  33  6:17  Drone  
  20  6:22  Drone  
  11  6:26  Drone  
  11  6:30  Drone  
  8  6:33  Queen  
  8  6:34  Roach  
  8  6:35  Drone  
  8  6:36  Overseer x2  
  8  6:38  Hydralisk Den  
  8  6:39  Drone  
  11  6:43  Drone  
  11  6:48  Drone  
  11  6:52  Drone  
  11  6:53  Roach  
  15  6:58  Drone  
  16  7:09  Drone  
  16  7:11  Ravager  
  18  7:20  Drone  
  19  7:30  Drone  
  19  7:34  Hatchery  
  19  7:40  Roach, Drone  
  22  7:44  Drone  
  22  7:49  Drone  
  24  7:53  Drone  
  25  8:04  Drone  
  26  8:14  Hydralisk, Drone  
  26  8:18  Drone  
  30  8:23  Drone  
  31  8:27  Drone  
  32  8:35  Overseer  
  32  8:37  Drone  
  33  8:43  Hydralisk  
  33  8:44  Drone  
  33  8:48  Drone  
  37  8:52  Drone  
  38  8:56  Drone  
  38  9:01  Drone  
  40  9:05  Drone  
  40  9:09  Drone  
  42  9:14  Drone  
  43  9:18  Drone  
  43  9:22  Drone  
  43  9:24  Overlord  
  45  9:27  Drone  
  45  9:31  Drone  
  47  9:35  Drone  
  48  9:39  Drone  
  48  9:44  Drone  
  50  9:48  Drone  
  50  9:50  Pneumatized Carapace, Zergling x2  
  50  9:51  Overseer, Overlord  
  50  9:52  Spire, Drone  
  52  9:56  Zergling x2  
  53  10:02  Evolution Chamber  
  53  10:03  Zergling x2  
  53  10:09  Zergling x2  
  54  10:16  Zergling x2  
  54  10:17  Drone  
  54  10:18  Overlord  
  56  10:21  Drone  
  56  10:22  Zergling x2  
  56  10:26  Drone  
  59  10:28  Zerg Ground Armor Level 1  
  59  10:37  Overlord, Drone  
  59  10:39  Overseer  
  59  10:41  Overseer, Drone  
  57  10:51  Zergling x2  
  50  11:03  Extractor  
  49  11:04  Mutalisk  
  49  11:05  Extractor  
  49  11:07  Drone  
  49  11:10  Mutalisk  
  53  11:17  Mutalisk  
  55  11:24  Mutalisk  
  57  11:27  Drone  
  57  11:31  Drone  
  59  11:35  Drone  
  59  11:37  Overlord  
  59  11:39  Drone  
  61  12:01  Overlord, Overseer  
  61  12:28  Overlord, Overseer  
  61  12:31  Overseer  
  61  12:37  Overlord  
  61  12:42  Mutalisk  
  48  12:47  Overlord x2  
  48  12:50  Overseer  
  46  12:52  Overlord  
Tags
 
Add a new tag
Caveats
  • Supply blocks, unpowered buildings, or Contaminate may cause inaccurate times.
  • Supply counts are checked every 10 seconds.